AoeStats
← 短路

Arabia

508372378Analyzed
1v1 RM · 10d ago on Sep 22, 2026· 26m 13s· 2 players
Game mode
Random Map
Map size
Tiny (2 player)
Population
200
Speed
Normal
Resources
Standard
Victory
Conquest
Starting age
Dark Age
Ending age
Imperial Age
RankedLock teamsTeams togetherTeam positionsShared explorationLock speedFull tech treeHidden civsTurbo modeCheats
Victory
Defeat
🇺🇸 Gurjaras · United States
2065
+11
🇨🇳 Khitans · China
1955
-11
短路
7:17 Loom
10:58 Feudal Age
11:50 Double-Bit Axe
12:03 Domestication
14:47 Town Watch
16:06 Padded Archer Armor
20:25 Castle Age
19:38 Fletching
20:14 Gold Mining
21:05 Bodkin Arrow
22:30 Bow Saw
MeLoveXbox
6:17 Loom
8:57 Feudal Age
12:51 Fletching
15:42 Wheelbarrow
19:19 Castle Age
17:11 Double-Bit Axe
17:54 Bloodlines
17:31 Horse Collar
18:50 Scale Barding Armor
20:02 Husbandry
20:12 Bow Saw
20:17 Forging
22:43 Chain Barding Armor
25:03 Town Watch
Connection lost

Rejoining the realm…

Still unreachable

The connection could not be restored.

Session expired

The server has moved on; the page needs a fresh start.